Map: [ESL] Data-C

Players

MaNa

  • Race: Protoss Protoss
  • Spawn Location: 9:00

SKillous - Winner!

  • Race: Protoss Protoss
  • Spawn Location: 3:00

Event: DreamHack SC2 Masters 2022 Atlanta (Online)

VOD

Have the link to the VOD?

Description

Time

  • Played on: Oct. 4, 2022, 11:56 a.m.
  • Length: 4:16

All games in this series

Show
View Real Time Build Order
Export as new Build Order

MaNa Protoss 

Build Orders:  

Get SALT Encoding   

  12  0:00  Probe  
  13  0:12  Probe  
  14  0:17  Pylon  
  14  0:24  Probe  
  15  0:35  Gateway  
  15  0:38  Probe (Chrono Boost)  
  16  0:46  Probe (Chrono Boost)  
  16  0:48  Assimilator  
  17  0:52  Probe (Chrono Boost)  
  19  1:04  Probe (Chrono Boost)  
  19  1:05  Assimilator  
  19  1:13  Probe (Chrono Boost)  
  20  1:18  Probe  
  20  1:25  Cybernetics Core  
  21  1:30  Probe  
  22  1:36  Pylon  
  22  1:43  Probe  
  23  1:55  Probe  
  24  2:01  Warp Gate, Stalker (Chrono Boost)  
  24  2:07  Probe  
  27  2:10  Twilight Council  
  27  2:19  Probe  
  28  2:25  Stalker (Chrono Boost), Pylon  
  30  2:31  Probe, Pylon  
  31  2:59  Nexus  
  31  3:02  Probe  
  31  3:14  Gateway  
  31  3:15  Probe  
  32  3:20  Shield Battery  
  33  3:27  Probe  
  33  3:39  Probe  
  33  3:40  Shield Battery  
  34  3:51  Pylon  
  33  4:00  Probe  
Show
View Real Time Build Order
Export as new Build Order

SKillous Protoss - Winner!

Build Orders: Oracle Opening 

Get SALT Encoding   

  12  0:00  Probe  
  13  0:12  Probe  
  14  0:19  Pylon  
  14  0:24  Probe  
  15  0:37  Gateway  
  15  0:38  Probe (Chrono Boost)  
  16  0:47  Probe (Chrono Boost), Assimilator  
  17  0:52  Probe (Chrono Boost)  
  17  0:55  Assimilator  
  19  1:04  Probe (Chrono Boost)  
  19  1:06  Pylon  
  19  1:13  Probe (Chrono Boost)  
  20  1:18  Probe  
  20  1:24  Cybernetics Core  
  21  1:30  Probe  
  22  1:34  Zealot  
  24  1:42  Probe  
  25  1:55  Probe  
  25  2:01  Stargate  
  26  2:02  Pylon  
  26  2:09  Stalker  
  26  2:11  Warp Gate  
  28  2:16  Probe  
  28  2:21  Pylon  
  29  2:24  Pylon  
  29  2:34  Probe  
  30  2:39  Stalker  
  32  2:46  Oracle (Chrono Boost)  
  35  3:11  Nexus  
  34  3:15  Oracle (Chrono Boost)  
  37  3:24  Shield Battery  
  37  3:26  Probe  
  38  3:34  Pylon  
  38  3:40  Probe  
  39  3:52  Probe  
Tags
 
Add a new tag
Caveats
  • Supply blocks, unpowered buildings, or Contaminate may cause inaccurate times.
  • Supply counts are checked every 10 seconds.